 Dungeon Sprint DCSS version 0.30-a0-800-g7c544603b3 (webtiles) character file.

Game seed: 15096124571175823162

6478 rocky1 the Earth Mage (level 10, -23/92 HPs)
             Began as a Demigod Earth Elementalist on Feb 23, 2023.
             Annihilated by a death cob (78 damage)
             ... in the Dungeon (Sprint VII: "The Pits").
             The game lasted 00:09:40 (2621 turns).

rocky1 the Earth Mage (Demigod Earth Elementalist)  Turns: 2621, Time: 00:09:41

Health: -23/92     AC:  6    Str: 13    XL:     10   Next: 41%
Magic:  19/28      EV:  2    Int: 25    God:
Gold:   0          SH:  0    Dex: 14    Spells: 21/29 levels left

rFire   . . .      SeeInvis .    q - +2 scimitar (holy)
rCold   . . .      Faith    .    (no shield)
rNeg    . . .      Spirit   .    a - +0 robe
rPois   .          Reflect  .    p - +0 helmet
rElec   .          Harm     .    (no cloak)
rCorr   .          Rampage  .    (no gloves)
Will    +....      NoTele   +    (no boots)
Stlth   ++                       (no amulet)
HPRegen 0.35/turn                m - +3 ring of protection
MPRegen 0.21/turn                n - +3 ring of evasion

@: sleeping, slowed
A: high MP 1, forlorn, divine attributes
a: no special abilities


You were in the Dungeon.
You visited 1 branch

Inventory:

Hand Weapons
 k - a +2 falchion
 l - a +0 long sword of flaming
 q - a +2 scimitar of holy wrath (weapon)
Armour
 a - a +0 robe (worn)
 p - a +0 helmet (worn)
Jewellery
 m - a +3 ring of protection (left hand)
 n - a +3 ring of evasion (right hand)
Scrolls
 i - 5 scrolls of amnesia
 j - a scroll of butterflies
Potions
 b - 3 potions of magic
 c - 5 potions of curing
 d - 10 potions of heal wounds
 f - 3 potions of berserk rage
 o - 3 potions of might


   Skills:
 + Level 9.7 Fighting
 - Level 3.8 Armour
 - Level 4.5 Dodging
 - Level 1.7 Stealth
 + Level 10.2 Spellcasting
 * Level 9.6 Conjurations
 - Level 0.8 Transmutations
 - Level 15.5 Earth Magic


You had 21 spell levels left.
You knew the following spells:

 Your Spells              Type           Power      Damage    Failure   Level
a - Sandblast             Erth           100%       2d20      0%          1
b - Stone Arrow           Conj/Erth      100%       3d13      1%          3
c - Petrify               Tmut/Erth      52%        N/A       1%          4

Your spell library contained the following spells:

 Spells                   Type           Power      Damage    Failure   Level
 Passwall                 Tmut/Erth      43%        N/A       1%          2


Dungeon Overview and Level Annotations

Branches:
Dungeon (1/1)


Innate Abilities, Weirdness & Mutations

You have an increased reservoir of magic. (+10% MP)
You shall have no god before yourself.
Your divine heritage dramatically boosts your attributes as you level up.


Message History

Casting: Stone Arrow (safe; 1% risk of failure)
Confirm with . or Enter, or press ? or * to list all spells.
Okay, then.
There is an open door, spattered with blood here.
There is an open door here.
You open the door.
There is an open door here.
You open the door.
A death cob comes into view.
The death cob gives a chilling moan.
You hear a bleat! x2
You hear an angry hiss.
A dream sheep comes into view.
Aiming: Stone Arrow (safe; 1% risk of failure)
Press: ? - help, Q - select action, (/) - cycle Shift-Dir - straight line, f - death cob
Aim: a death cob (63% to hit)
The stone arrow hits the death cob!!
The death cob is moderately damaged.
The dream sheep bleats!
A dream sheep comes into view.
Aiming: Stone Arrow (safe; 1% risk of failure)
Press: ? - help, Q - select action, (/) - cycle Shift-Dir - straight line, f/p - death cob
Aim: a death cob (moderately damaged, 63% to hit)
The stone arrow hits the death cob!!
The death cob is heavily damaged.
The death cob hits you!! The death cob drains your vigour!
You feel yourself slow down.
A dream sheep comes into view.
The death cob misses you.
Aiming: Stone Arrow (safe; 1% risk of failure)
Press: ? - help, Q - select action, (/) - cycle Shift-Dir - straight line, f/p - death cob
Aim: a death cob (heavily damaged, 63% to hit)
The stone arrow hits the death cob!!
The death cob is severely damaged.
The death cob hits you! x2; The death cob drains your vigour!
You feel as though you will be slow longer.
The dream sheep shake their wool and sparkle.
You feel drowsy...
You fall asleep.
The death cob hits you!!!!
Ouch! That really hurt!
You die...

..............##..#
....#..#......##..#
..............++..#
..............++S.##########..#
....#..#......##..........)...#
..............##.........)....#
#+#####''######################
.....##''##############
.....##......#..@z...Y#
.....##....###...###.YY#
.<...##...##.+...'.## .
.....##..##..##'##..##
.....##..#..##...##..+
.....##..#..#.....#..#
#######..)..'.....'..+
#######.†#..#.....#..#
#..[[##..#..##...##..+


You could see a death cob and 3 dream sheep.

Vanquished Creatures
  A two-headed ogre (D)
  A shadow wraith (D)
  An unseen horror (D)
  A guardian mummy (D)
  A rime drake (D)
  2 ice devils (D)
  A troll (D)
  4 blink frogs (D)
  A red devil (D)
  A tarantella (D)
  4 dream sheep (D)
  Sigmund (D)
  A spriggan (D)
  2 wraiths (D)
  A fire bat (D)
  Grum (D)
  A redback (D)
  A water moccasin (D)
  3 floating eyes (D)
  4 wolves (D)
  A kobold brigand (D)
  A gnoll sergeant (D)
  A necrophage (D)
  A scorpion (D)
  A mummy (D)
  3 gnolls (D)
  An adder (D)
  A white imp (D)
  An ufetubus (D)
  A ball python (D)
  A bat (D)
  A bat zombie (D)
  2 giant cockroaches (D)
  2 goblins (D)
  A hobgoblin (D)
  2 jackals (D)
  A kobold (D)
  A quokka (D)
  A frilled lizard (D)
57 creatures vanquished.

Notes
Turn   | Place    | Note
-------+----------+-------------------------------------------
     0 | D        | rocky1 the Demigod Earth Elementalist began the quest for
                  | the Orb.
     0 | D        | Reached XP level 1. HP: 14/14 MP: 5/5
    17 | D        | Reached skill level 3 in Earth Magic
    63 | D        | Noticed a floating eye
    65 | D        | Killed a floating eye
    66 | D        | Reached skill level 5 in Earth Magic
    66 | D        | Reached XP level 2. HP: 25/25 MP: 3/9
    66 | D        | Reached XP level 3. HP: 30/30 MP: 3/10
    66 | D        | Reached XP level 4. HP: 37/37 MP: 3/12
   332 | D        | Noticed a floating eye
   336 | D        | Killed a floating eye
   337 | D        | Reached skill level 6 in Earth Magic
   337 | D        | Reached XP level 5. HP: 46/46 MP: 11/14
   514 | D        | Noticed a wolf
   516 | D        | Noticed a water moccasin
   524 | D        | Reached skill level 7 in Earth Magic
   530 | D        | Killed a wolf
   531 | D        | Reached skill level 5 in Spellcasting
   531 | D        | Reached skill level 8 in Earth Magic
   531 | D        | Reached XP level 6. HP: 22/52 MP: 7/17
   534 | D        | Killed a water moccasin
   535 | D        | Reached skill level 9 in Earth Magic
   772 | D        | Learned a level 3 spell: Stone Arrow
   786 | D        | Noticed a redback
   788 | D        | Killed a redback
   789 | D        | Reached skill level 10 in Earth Magic
   835 | D        | Paralysed by a floating eye for 4 turns
   841 | D        | Reached skill level 5 in Fighting
   841 | D        | Reached XP level 7. HP: 47/61 MP: 18/21
   844 | D        | Reached skill level 11 in Earth Magic
   920 | D        | Noticed Sigmund
   920 | D        | Noticed a spriggan
   920 | D        | Noticed Grum
   928 | D        | Killed a spriggan
   933 | D        | Killed Grum
   935 | D        | Reached skill level 12 in Earth Magic
   935 | D        | Reached XP level 8. HP: 27/71 MP: 12/23
   937 | D        | Killed Sigmund
  1186 | D        | Reached skill level 1 in Conjurations
  1321 | D        | Noticed an ice devil
  1333 | D        | Killed an ice devil
  1334 | D        | Reached skill level 13 in Earth Magic
  1369 | D        | Noticed an anaconda
  1565 | D        | Noticed a rime drake
  1565 | D        | Noticed a red devil
  1568 | D        | Killed a rime drake
  1569 | D        | Reached skill level 5 in Conjurations
  1569 | D        | Reached XP level 9. HP: 55/81 MP: 19/26
  1650 | D        | Noticed a two-headed ogre
  1654 | D        | Killed a two-headed ogre
  1655 | D        | Reached skill level 14 in Earth Magic
  1659 | D        | Killed a shadow wraith
  1797 | D        | Noticed a guardian mummy
  1802 | D        | Killed a guardian mummy
  1893 | D        | Killed an unseen horror
  1956 | D        | Noticed an ice devil
  1964 | D        | HP: 3/83 [tarantella (36)]
  1997 | D        | Reached XP level 10. HP: 34/91 MP: 16/28
  2187 | D        | Reached skill level 15 in Earth Magic
  2190 | D        | Reached skill level 10 in Spellcasting
  2598 | D        | Learned a level 4 spell: Petrify
  2618 | D        | Noticed a death cob
  2621 | D        | Annihilated by a death cob

Illustrated notes

Levels and vault maps discovered:
D:        pitsprint [storerooms_1, entrance_room_1, metal_vault_6, armoury_3,
          mini_pit_1, grid_room_1, main_hall_1, silver_pit, the_coven_2,
          the_vestibule_1, steel_vault_3, golden_pit, hallway_of_sentries,
          crystal_vault_2, iron_vault_1, final_vault]

Skill      XL: |  1  2  3  4  5  6  7  8  9 10 |
---------------+-------------------------------+-----
Spellcasting   | 3 4 5 6 7 8 9 10 | 10.2
Earth Magic    | 5 6 8 10 12 13 14 15 | 15.5
Fighting       | 2 3 5 6 7 9 |  9.7
Armour         | 2 3 |  3.8
Dodging        | 3 4 |  4.5
Conjurations   | 5 8 9 |  9.6
Stealth        | |  1.7
Transmutations | |  0.8

Action                     |  1- 3 |  4- 6 |  7- 9 | 10-12 || total
---------------------------+-------+-------+-------+-------++-------
  Melee: Falchion          |       |     9 |       |       ||     9
         Long sword        |       |     2 |     4 |       ||     6
         Scimitar          |       |       |     5 |     2 ||     7
   Cast: Sandblast         |     4 |    26 |     5 |     1 ||    36
         Stone Arrow       |       |     2 |    63 |    23 ||    88
    Use: Potion            |       |     3 |     8 |     1 ||    12
         Scroll            |       |       |     1 |       ||     1
 Armour: Robe              |     1 |    12 |    11 |     2 ||    26
  Dodge: Dodged            |       |    37 |    54 |    11 ||   102

Table legend: (Time is in decaauts)
 A = Elapsed time spent in this place.
 B = Non-inter-level travel time spent in this place.
 C = Inter-level travel time spent in this place.
 D = Time resting spent in this place.
 E = Time spent auto-exploring this place.
 F = Levels seen in this place.
 G = Mean time per level.
                   A        B        C        D        E       F      G
               +--------+--------+--------+--------+--------+-----+--------+
         Total |   2635 |   2577 |     58 |   1912 |      0 |   1 | 2635.0 |
       Dungeon |   2635 |   2577 |     58 |   1912 |      0 |   1 | 2635.0 |
               +--------+--------+--------+--------+--------+-----+--------+

Top non-repeatable levels by time:
       D: 2635 daAuts
